 Dungeon Crawl Stone Soup version 0.30-a0-743-gbfdf073431 (webtiles) character file.

Game seed: 8109246742452662424

182 Rrauwl the Gusty (level 5, -3/31 HPs)
             Began as an Octopode Air Elementalist on Feb 6, 2023.
             Was a Believer of Vehumet.
             Slain by an orc
             ... wielding a +0 hand axe
              (6 damage)
             ... on level 3 of the Dungeon.
             The game lasted 00:10:46 (2218 turns).

Rrauwl the Gusty (Octopode Air Elementalist)        Turns: 2218, Time: 00:10:47

Health: -3/31      AC:  1    Str:  7    XL:     5   Next: 61%
Magic:  7/7        EV: 13    Int: 19    God:    Vehumet [**....]
Gold:   168        SH:  0    Dex: 13    Spells: 1/8 levels left

rFire   + . .      SeeInvis .    c - +0 falchion (venom)
rCold   + . .      Faith    .    (no shield)
rNeg    . . .      Spirit   .    (helmet restricted)
rPois   +          Reflect  .    (no amulet)
rElec   +          Harm     .    (no ring)
rCorr   +          Rampage  .    (no ring)
Will    .....      Clarity  +    (no ring)
Stlth   +++                      (no ring)
HPRegen 0.25/turn                (no ring)
MPRegen 0.10/turn                (no ring)
                                 (no ring)
                                 (no ring)

@: brilliant, resistant, flying
A: almost no armour, amphibious, 8 rings, camouflage 1, gelatinous body 1,
(nimble swimmer 1), tentacles, clarity, deterioration 1, low MP 1, MP-powered
wands
a: Renounce Religion


You were on level 3 of the Dungeon.
You worshipped Vehumet.
Vehumet was pleased with you.
You visited 1 branch of the dungeon, and saw 3 of its levels.

You collected 168 gold pieces.

Inventory:

Hand Weapons
 c - a +0 falchion of venom (weapon)
Armour
 h - a +1 kite shield
Scrolls
 b - 4 scrolls of identify
 d - 3 scrolls of vulnerability
 g - a scroll of teleportation {unknown}
Potions
 a - 2 potions of magic
 f - a potion of flight
 j - a potion of resistance


   Skills:
 - Level 2.0 Dodging
 - Level 3.0 Stealth
 + Level 2.3 Spellcasting
 + Level 2.1 Conjurations
 + Level 1.6 Ice Magic
 + Level 4.8 Air Magic
 + Level 1.4 Poison Magic


You had one spell level left.
You knew the following spells:

 Your Spells              Type           Power      Damage    Failure   Level
a - Shock                 Conj/Air       92%        1d8       3%          1
b - Swiftness             Air            31%        N/A       7%          3
c - Freeze                Ice            48%        1d6       9%          1
d - Poisonous Vapours     Pois/Air       42%        N/A       7%          2

Your spell library contained the following spells:

 Spells                   Type           Power      Damage    Failure   Level
 Static Discharge         Conj/Air       46%        2-4/arc   6%          2
 Airstrike                Air            15%        2d(3-19)  22%         4


Dungeon Overview and Level Annotations

Branches:
Dungeon (3/15)

Altars:
Vehumet


Innate Abilities, Weirdness & Mutations

You cannot wear most types of armour.
You are amphibious.
You can wear up to eight rings at the same time.
Your skin changes colour to match your surroundings (Stealth+).
Your rubbery body absorbs attacks. (AC +1, EV +1)
((You are camouflaged when in or above water. (Stealth+)))
You have tentacles for arms and can constrict up to eight enemies at once.
You possess an exceptional clarity of mind.
Your body sometimes deteriorates upon taking damage.
Your magical capacity is low. (-10% MP)
You expend magic power (3 MP) to strengthen your wands.


Message History

You barely miss the orc wizard. You squeeze the orc wizard.
The orc wizard is lightly wounded.
You constrict the orc wizard.
The orc shouts!
The orc wizard shouts!
The orc wizard closely misses you.
You hit the orc wizard.
The orc wizard is poisoned.
You squeeze the orc wizard, but do no damage.
The orc wizard is heavily wounded.
You constrict the orc wizard. The orc wizard closely misses you.
An orc priest comes into view. It is wielding a +0 dagger.
The orc priest shouts!
You hit the orc wizard.
The orc wizard looks as sick as possible!
The orc wizard is severely wounded.
You constrict the orc wizard, but do no damage.
The orc wizard hits you with a +0 dagger.
The orc priest invokes the aid of Beogh against you.
Beogh smites you!
* * * LOW HITPOINT WARNING * * *
The orc wizard misses you.
You release your grip on the orc wizard.
The orc wizard attacks as you move away!
The orc wizard hits you with a +0 dagger.
* * * LOW HITPOINT WARNING * * *
You kill the orc wizard!
Vehumet accepts your kill.
It was a potion of flight.
You feel very buoyant.
You fly up into the air.
It was a potion of resistance.
You feel protected.
It was a potion of brilliance.
You feel clever all of a sudden. The orc misses you.
It was a potion of mutation.
You feel extremely strange.
You feel less energetic.
You feel your magical essence link to the dungeon's wands.
You feel yourself wasting away.
Your thoughts seem clearer.
The orc wizard barely misses you. The orc hits you with a +0 hand axe.
You die...

# #..# #.##.##.# ######
######..# #.##.##.#
........# #.##.##..
######.## #.##.##.#
.......# #.##.##.#
.#.###.# #.##.##.# .#.#
#.# #.##.##.#
.#.###.####.##.##.#######
.#...[..........@o.......
.##########.##.##o#######
.. #....#.#.).....# .#
#.####.#.#####.#
#.####.#o #......#.
########. #o #.


You could see an orc wizard and an orc.

Vanquished Creatures
  Jessica (D:3)
  An orc wizard (D:3)
  Terence (D:3)
  3 adders
  5 dart slugs
  7 endoplasms
  2 giant cockroaches (D:1)
  9 goblins
  7 hobgoblins
  5 jackals (D:1)
  6 kobolds
  A quokka (D:2)
  9 ball pythons
  5 bats
  A frilled lizard (D:1)
  3 rats
66 creatures vanquished.

Vanquished Creatures (others)
  4 plants (D:2)
4 creatures vanquished.

Grand Total: 70 creatures vanquished

Notes
Turn   | Place    | Note
-------+----------+-------------------------------------------
     0 | D:1      | Rrauwl the Octopode Air Elementalist began the quest for
                  | the Orb.
     0 | D:1      | Reached XP level 1. HP: 11/11 MP: 3/3
   138 | D:1      | Reached XP level 2. HP: 5/17 MP: 3/5
   303 | D:1      | Reached skill level 4 in Air Magic
   303 | D:1      | Reached XP level 3. HP: 21/21 MP: 6/6
   307 | D:1      | Learned a level 3 spell: Swiftness
   452 | D:1      | HP: 1/21 [constriction (1)]
   779 | D:2      | Found a faded altar of an unknown god.
   783 | D:2      | Prayed at the altar of an unknown god.
   783 | D:2      | Became a worshipper of Vehumet
   783 | D:2      | Reached * piety under Vehumet
   783 | D:2      | Offered knowledge of Freeze by Vehumet.
   796 | D:2      | Learned a level 1 spell: Freeze
   987 | D:2      | Reached XP level 4. HP: 24/27 MP: 7/7
  1091 | D:2      | Offered knowledge of Poisonous Vapours by Vehumet.
  1095 | D:2      | Learned a level 2 spell: Poisonous Vapours
  1199 | D:2      | Reached ** piety under Vehumet
  1257 | D:2      | Reached skill level 1 in Ice Magic
  1724 | D:3      | Noticed Terence
  1730 | D:3      | Noticed Jessica
  1733 | D:3      | Killed Terence
  1734 | D:3      | Reached XP level 5. HP: 31/31 MP: 5/8
  1736 | D:3      | Killed Jessica
  1737 | D:3      | Reached skill level 1 in Poison Magic
  2218 | D:3      | Gained mutation: Your magical capacity is low. (-10% MP)
                  | [potion of mutation]
  2218 | D:3      | Gained mutation: You expend magic power (3 MP) to
                  | strengthen your wands. [potion of mutation]
  2218 | D:3      | Gained mutation: Your body sometimes deteriorates upon
                  | taking damage. [potion of mutation]
  2218 | D:3      | Gained mutation: You possess an exceptional clarity of
                  | mind. [potion of mutation]
  2218 | D:3      | Slain by an orc

Illustrated notes

Levels and vault maps discovered:
D:1:      dpeg_arrival_tiny_a, layout_rooms, nrook_mini_vaults,
          bh_walls_and_bars
D:2:      kennysheep_the_goblin_king, layout_basic, nicolae_ecumenical_pavilion,
          minmay_shallow_snake_nest
D:3:      layout_basic, uniq_terence, uniq_jessica

Skill      XL: |  1  2  3  4  5 |
---------------+----------------+-----
Stealth        | 3 |  3.0
Air Magic      | 4 |  4.8
Ice Magic      | 1 |  1.6
Conjurations   | 2 |  2.1
Poison Magic   | 1 |  1.4
Dodging        | |  2.0
Spellcasting   | |  2.3

Action                     |  1- 3 |  4- 6 || total
---------------------------+-------+-------++-------
  Melee: Falchion          |    85 |    48 ||   133
         Constrict         |    25 |    14 ||    39
         Unarmed           |     4 |       ||     4
         Tentacles         |    18 |     8 ||    26
         Punch             |     2 |     3 ||     5
   Cast: Shock             |    12 |       ||    12
         Poisonous Vapours |       |     3 ||     3
    Use: Scroll            |     2 |     5 ||     7
         Potion            |     1 |     6 ||     7
   Stab: Sleeping          |     7 |     7 ||    14
 Armour: Skin              |    18 |     3 ||    21
  Dodge: Dodged            |    82 |    35 ||   117

Table legend: (Time is in decaauts)
 A = Elapsed time spent in this place.
 B = Non-inter-level travel time spent in this place.
 C = Inter-level travel time spent in this place.
 D = Time resting spent in this place.
 E = Time spent auto-exploring this place.
 F = Levels seen in this place.
 G = Mean time per level.
                   A        B        C        D        E       F      G
               +--------+--------+--------+--------+--------+-----+--------+
         Total |   2262 |   2229 |     33 |     19 |   1682 |   3 |  754.0 |
       Dungeon |   2262 |   2229 |     33 |     19 |   1682 |   3 |  754.0 |
               +--------+--------+--------+--------+--------+-----+--------+

Top non-repeatable levels by time:
     D:2: 820 daAuts
     D:1: 796 daAuts
     D:3: 645 daAuts
